 Dungeon Crawl Stone Soup version 0.30-b1-2-g02819fbbbe (webtiles) character file.

Game seed: 10087771181641437590

54894 PigKeeper the Thaumaturge (level 14, -4/74 (81) HPs)
             Began as a Vine Stalker Venom Mage on May 13, 2023.
             Was a High Priest of Ashenzari.
             Slain by an eight-headed hydra (7 damage)
             ... on level 13 of the Dungeon on May 17, 2023.
             The game lasted 04:07:31 (18591 turns).

PigKeeper the Thaumaturge (VSVM)                   Turns: 18591, Time: 04:07:32

HP:   -4/74 (81)    AC:  6    Str: 18    XL:     14   Next: 74%
MP:   0/32          EV: 16    Int: 25    God:    Ashenzari [*****.]
Gold: 3305          SH:  7    Dex: 15    Spells: 1/39 levels left

rFire   + . .        w - +1 dagger "Augurer of Ashenzari" {venom, Elem, Alch} (curse)
rCold   . . .        Z - +2 buckler "Ensconced Negation" {Self, Melee} (curse)
rNeg    . . .        a - +2 robe {Archmagi}
rPois   .            i - +0 helmet "Ensconced Gnosis" {Comp, Melee} (curse)
rElec   +            c - scarf "Overhang to Understand" {+Inv, Alch, Elem} (curse)
rCorr   .            J - +0 pair of gloves "Anxiety of Ashenzari" {Str+3, Fort, Evo} (curse)
SInv    +            (no boots)
Will    +....        I - amulet of the Eye in the Sky {RegenMP, Melee, Cun} (curse)
Stlth   ++++++       t - ring of Ashenzari's Mistrust {rElec rF+ Str+3 Int+6 Stlth+, Alch, Bglg} (curse)
HPRegen 1.12/turn    W - ring of the Lashed Sky {Wiz, Self, Bglg} (curse)
MPRegen 0.63/turn

%: clarity, guardian spirit, wizardry (x1), archmagi
@: very slightly contaminated, drained, invisible
A: fangs 3, regeneration 1, magic shield, antimagic bite, no potion heal 2
a: Renounce Religion, Evoke Invisibility, Curse Item, Shatter the Chains


You were on level 13 of the Dungeon.
You worshipped Ashenzari.
Ashenzari was extremely pleased with you.
You visited 4 branches of the dungeon, and saw 21 of its levels.
You also visited: Sewer, Gauntlet and Ice Cave.

You collected 3380 gold pieces.
You spent 75 gold pieces at shops.


Innate Abilities, Weirdness & Mutations

You have razor-sharp teeth.
Your natural rate of healing is unusually fast.
When hurt, damage is shared between your health and your magic reserves.
Your bite disrupts and absorbs the magic of your enemies.
Potions cannot restore your health.


   Skills:
 - Level 9.6(12.8) Fighting
 - Level 5.2(9.2) Short Blades
 + Level 0.7(2.6) Axes
 - Level 0.5(1.4) Armour
 - Level 7.6(9.8) Dodging
 - Level 9.0(11.2) Stealth
 - Level 4.0(6.0) Shields
 - Level 1.8(4.7) Unarmed Combat
 - Level 10.2(13.4) Spellcasting
 - Level 3.0(5.6) Conjurations
 + Level 2.3(4.0) Summonings
 - Level 6.1(10.2) Transmutations
 - Level 3.0(5.6) Fire Magic
 - Level 1.0(2.7) Ice Magic
 - Level 4.4(7.4) Air Magic
 - Level 1.1(2.9) Earth Magic
 - Level 9.8(14.0) Poison Magic
 - Level 9.3(11.4) Evocations


You had one spell level left.
You knew the following spells:

 Your Spells              Type           Power      Damage    Failure   Level
c - Call Canine Familiar  Summ           54%        N/A       1%          3
f - Freezing Cloud        Conj/Ice/Air   29%        6-21      6%          5
i - Ignite Poison         Fire/Tmut/Pois 79%        N/A       1%          3
l - Summon Lightning Spi  Summ/Air       62%        N/A       1%          4
m - Mephitic Cloud        Conj/Pois/Air  75%        N/A       1%          3
o - Olgreb's Toxic Radia  Pois           92%        N/A       1%          4
p - Poisonous Vapours     Pois/Air       100%       N/A       1%          2
s - Summon Guardian Gole  Hex/Summ       42%        N/A       1%          3
t - Petrify               Tmut/Erth      66%        N/A       1%          4
y - Sticky Flame          Conj/Fire      61%        2d8       1%          4
z - Sting                 Tmut/Pois      100%       1d8       1%          1
P - Passwall              Tmut/Erth      55%        N/A       1%          2

Your spell library contained the following spells:

 Spells                   Type           Power      Damage    Failure   Level
 Summon Small Mammal      Summ           100%       N/A       1%          1
 Cigotuvi's Dreadful Rot  Necr/Pois/Air  100%       N/A       1%          2
 Ensorcelled Hibernation  Hex/Ice        74%        N/A       1%          2
 Momentum Strike          Conj/Tloc      94%        3d10      1%          2
 Scorch                   Fire           100%       2d9       1%          2
 Swiftness                Air            69%        N/A       1%          3
 Flame Wave               Conj/Fire      61%        2d14      1%          4
 Blink                    Tloc           56%        N/A       2%          2
 Lesser Beckoning         Tloc           56%        N/A       2%          2
 Cause Fear               Hex            14%        N/A       14%         4
 Statue Form              Tmut/Erth      44%        N/A       17%         6
 Dragon Form              Tmut           40%        N/A       21%         7
 Metabolic Englaciation   Hex/Ice        18%        N/A       24%         5
 Storm Form               Tmut/Air       37%        N/A       34%         7
 Summon Cactus Giant      Summ           27%        N/A       43%         6
 Maxwell's Capacitive Co  Air            34%        ∞         99%         8
 Ignition                 Fire           30%        3d10      100%        8
 Dragon's Call            Summ           27%        N/A       100%        9

Inventory:

Hand Weapons
 w - the cursed +1 dagger "Augurer of Ashenzari" (weapon) {venom, Elem, Alch}
   (You took it off an orc on level 5 of the Dungeon)

   It has a curse which improves the following skills: Elements: Fire Magic, Ice
   Magic, Air Magic and Earth Magic.
   Alchemy:   Poison Magic and Transmutations.
 F - a +1 dagger of electrocution
   (You took it off an orc wizard on level 1 of the Orcish Mines)
Missiles
 d - 158 stones (quivered)
 G - 11 boomerangs
 L - 13 javelins
 Q - 40 poisoned darts
 S - 2 curare-tipped darts {=f}
 V - 3 silver boomerangs
Armour
 a - a +2 robe of the Archmagi (worn)
   (You took it off Psyche on level 11 of the Dungeon)
 c - the cursed scarf "Overhang to Understand" (worn) {+Inv, Alch, Elem}
   (You found it on level 3 of the Dungeon)

   It has a curse which improves the following skills: Alchemy: Poison Magic and
   Transmutations.
   Elements:  Fire Magic, Ice Magic, Air Magic and Earth Magic.
 i - the cursed +0 helmet "Ensconced Gnosis" (worn) {Comp, Melee}
   (You found it on level 1 of the Dungeon)

   It has a curse which improves the following skills: Companions: Summonings
   and Necromancy.
   Melee Combat: Short Blades, Long Blades, Axes, Maces & Flails, Polearms,
   Staves and Unarmed Combat.
 s - a +2 robe of resistance
   (You took it off Josephine on level 5 of the Lair of Beasts)
 J - the cursed +0 pair of gloves "Anxiety of Ashenzari" (worn) {Str+3, Fort, Evo}
   (You found it in a Gauntlet)

   It has a curse which improves the following skills: Fortitude: Armour and
   Shields.
   Evocations: Evocations.
 M - a scarf of resistance
   (You found it on level 7 of the Dungeon)
 Z - the cursed +2 buckler "Ensconced Negation" (worn) {Self, Melee}
   (You found it on level 3 of the Lair of Beasts)

   It has a curse which improves the following skills: Introspection: Fighting
   and Spellcasting.
   Melee Combat: Short Blades, Long Blades, Axes, Maces & Flails, Polearms,
   Staves and Unarmed Combat.
Jewellery
 t - the cursed ring of Ashenzari's Mistrust (left hand) {rElec rF+ Str+3 Int+6 Stlth+, Alch, Bglg}
   (You found it in a Gauntlet)

   [ring of intelligence]

   Str:       It affects your strength (+3).
   Int:       It affects your intelligence (+6).
   rF:        It protects you from fire.
   rElec:     It insulates you from electricity.
   Stlth:     It makes you more stealthy.
   It has a curse which improves the following skills: Alchemy: Poison Magic and
   Transmutations.
   Beguiling: Conjurations, Hexes and Translocations.
 D - a ring of willpower
   (You found it on level 13 of the Dungeon)
 I - the cursed amulet of the Eye in the Sky (around neck) {RegenMP, Melee, Cun}
   (You found it on level 7 of the Dungeon)

   [amulet of magic regeneration]

   It increases your rate of magic regeneration.
   It has a curse which improves the following skills: Melee Combat: Short
   Blades, Long Blades, Axes, Maces & Flails, Polearms, Staves and Unarmed
   Combat.
   Cunning:   Dodging and Stealth.
 O - a +4 ring of protection
   (You found it on level 4 of the Lair of Beasts)
 P - a ring of poison resistance
   (You found it on level 1 of the Lair of Beasts)
 W - the cursed ring of the Lashed Sky (right hand) {Wiz, Self, Bglg}
   (You found it on level 6 of the Dungeon)

   [ring of wizardry]

   It improves your spell success rate.
   It has a curse which improves the following skills: Introspection: Fighting
   and Spellcasting.
   Beguiling: Conjurations, Hexes and Translocations.
Wands
 j - a wand of paralysis (6)
   (You found it on level 8 of the Dungeon)
 A - a wand of flame (31)
   (You took it off Natasha on level 4 of the Dungeon)
 B - a wand of light (16)
   (You found it on level 6 of the Dungeon)
 H - a wand of mindburst (28)
   (You found it on level 7 of the Dungeon)
 K - a wand of polymorph (10)
   (You found it in a Gauntlet)
 R - a wand of roots (3)
   (You found it on level 2 of the Lair of Beasts)
Scrolls
 f - 7 scrolls of fog
 g - 2 scrolls of enchant weapon
 p - 2 scrolls of silence {!r}
 q - 3 scrolls of poison {!r}
 r - 2 scrolls of fear
 v - a scroll of magic mapping {!r}
 y - 3 scrolls of vulnerability {!r!r}
 z - a scroll of immolation {!r!r}
 E - 5 scrolls of teleportation {@r4}
 N - 2 scrolls of blinking {!r}
 Y - a scroll of brand weapon
Potions
 b - 5 potions of magic
 e - 5 potions of attraction {!q}
 h - 2 potions of lignification {!q}
 k - 3 potions of mutation {!q}
 l - 7 potions of ambrosia
 m - a potion of might
 n - 5 potions of brilliance
 o - 5 potions of flight
 u - 7 potions of curing {@q1}
 x - a potion of haste {@q3}
 C - 3 potions of invisibility
 T - a potion of berserk rage {!q}
 U - a potion of resistance
 X - a potion of cancellation

Dungeon Overview and Level Annotations

Branches:
Dungeon (13/15)            Temple (1/1) D:7            Lair (5/5) D:10
 Shoals (0/4) Lair:3       Spider (0/4) Lair:3        Slime (0/5) Lair:5
    Orc (2/2) D:10            Elf (0/3) Orc:2         Sewer (visited)
  IceCv (visited)         Gauntlet (visited)
 Vaults: D:13-14

Altars:
Ashenzari
Cheibriados
Dithmenos
Elyvilon
Fedhas
Gozag
Hepliaklqana
Kikubaaqudgha
Makhleb
Okawaru
Qazlal
Ru
Sif Muna
Trog
Uskayaw
Vehumet
Wu Jian
Xom
Yredelemnul
Zin
The Shining One
Jiyva

Shops:
Orc:2 *?(=

Portals:
Pandemonium: Orc:2

Annotations:
D:11 3 runed translucent doors, Notanamesir's ghost, journeyman AtFi
Temple 4 transporters
Lair:2 1 runed translucent door, gabibbone's ghost, journeyman TeAE

########+##.##..##..####..#..*,,
............................. ,
.............................
.............................
......................)......*,
#..###..###.....##....###...#* **
#..###..###.....##....###...#* ,,
.............§§§.>........... ,
..?..........§§D@............
.............§§§.............,,,,
...###############..##.####+# * *
####*, , ** ##..#*+# , ,* , ,
,,*,, , , , #...#, ,* , ,,, + , ,
. ,#...# ,, , ,, *,, , .. #...#
,, , , ** ,,,**#. ##..#**, **,**
*** ,, ##..###..## * * *


You could see an eight-headed hydra (unable to see you).


Message History

Aiming: Sticky Flame (dangerous; 1% risk of failure)
Press: ? - help, Shift-Dir - straight line, f/p - eight-headed hydra
Aim: an eight-headed hydra (freezing vapour, moderately wounded)
You feel a surge of power!
The sticky flame hits the eight-headed hydra.
The eight-headed hydra is moderately wounded.
The eight-headed hydra is covered in liquid flames!
You hear a sizzling sound!
The eight-headed hydra burns!
The eight-headed hydra bites you!
The eight-headed hydra closely misses you.
You block the eight-headed hydra's attack.
The eight-headed hydra bites you but does no damage.
The eight-headed hydra closely misses you.
The eight-headed hydra bites you! The eight-headed hydra misses you.
The eight-headed hydra bites you! 😮 HP[-29] MP[-11]
You take 29 damage, and now have 52/81 hp.
MASSIVE DAMAGE!! (PAUSE)
You lost 11 mp, and now have 16/32 mp.
Press: ? - help, v - describe, . - travel
Here: an eight-headed hydra (moderately wounded, covered in liquid flames)
The floor.
Unknown command.
Unknown command.
Unknown command.
Casting: Sticky Flame (dangerous; 1% risk of failure)
Confirm with . or Enter, or press ? or * to list all spells.
Okay, then.
Unknown command.
Unknown command.
Aiming: Mindburst
Press: ? - help, Shift-Dir - straight line, f/p - eight-headed hydra
Aim: an eight-headed hydra (moderately wounded, covered in liquid flames, chance to affect: 67%)
Okay, then.
Aiming: Paralyse
Press: ? - help, Shift-Dir - straight line, f/p - eight-headed hydra
Aim: an eight-headed hydra (moderately wounded, covered in liquid flames, chance to affect: 39%)
The eight-headed hydra resists with some effort.
The eight-headed hydra burns!
The eight-headed hydra closely misses you.
You block the eight-headed hydra's attack.
The eight-headed hydra bites you! x2
* * * LOW HITPOINT WARNING * * *
The eight-headed hydra bites you.
* * * LOW HITPOINT WARNING * * *
The eight-headed hydra bites you.
* * * LOW HITPOINT WARNING * * *
The eight-headed hydra misses you.
The eight-headed hydra barely misses you. 😨 HP[-21] MP[-7]
You take 21 damage, and now have 31/81 hp.
MASSIVE DAMAGE!! (PAUSE)
You lost 7 mp, and now have 9/32 mp.
Aiming: Paralyse
Press: ? - help, Shift-Dir - straight line, f/p - eight-headed hydra
Aim: an eight-headed hydra (moderately wounded, covered in liquid flames, chance to affect: 39%)
The eight-headed hydra resists with some effort.
The eight-headed hydra burns!
You block the eight-headed hydra's attack.
The eight-headed hydra bites you but does no damage.
The eight-headed hydra closely misses you.
You block the eight-headed hydra's attack.
The eight-headed hydra bites you.
* * * LOW HITPOINT WARNING * * *
The eight-headed hydra bites you but does no damage.
The eight-headed hydra bites you.
* * * LOW HITPOINT WARNING * * *
The eight-headed hydra closely misses you. 😨 HP[-3] MP[-2]
You take 3 damage, and now have 28/81 hp.
You lost 2 mp, and now have 7/32 mp.
Aiming: Paralyse
Press: ? - help, Shift-Dir - straight line, f/p - eight-headed hydra
Aim: an eight-headed hydra (heavily wounded, covered in liquid flames, chance to affect: 39%)
The eight-headed hydra resists with some effort.
The eight-headed hydra burns!
The eight-headed hydra stops burning.
The eight-headed hydra bites you but does no damage.
The eight-headed hydra misses you.
The eight-headed hydra bites you but does no damage.
The eight-headed hydra closely misses you. x2
The eight-headed hydra bites you!
* * * LOW HITPOINT WARNING * * *
You block the eight-headed hydra's attack. x2 😱 HP[-10] MP[-2]
You take 10 damage, and now have 18/81 hp.
You lost 2 mp, and now have 5/32 mp.
Okay, then.
Unknown command.
You feel drained.
You fade into invisibility!
You are very lightly contaminated with residual magic.
The eight-headed hydra closely misses you.
The eight-headed hydra bites you!
* * * LOW HITPOINT WARNING * * *
The eight-headed hydra closely misses you. x2
The eight-headed hydra bites you but does no damage.
The eight-headed hydra bites you!
* * * LOW HITPOINT WARNING * * *
The eight-headed hydra bites you!
You die...

Skill      XL: |  1  2  3  4  5  6  7  8  9 10 11 12 13 14 |
---------------+-------------------------------------------+-----
Poison Magic   | 4 5 6 7 8 9 |  9.8
Air Magic      | 1 2 3 4 |  4.4
Evocations     | 1 2 3 5 6 7 8 9 |  9.3
Short Blades   | 1 2 3 4 5 |  5.2
Stealth        | 3 4 5 6 7 9 |  9.0
Conjurations   | 1 2 3 |  3.0
Fighting       | 2 4 5 6 7 8 9 |  9.6
Shields        | 1 3 4 |  4.0
Fire Magic     | 1 3 |  3.0
Transmutations | 2 4 5 6 |  6.1
Spellcasting   | 4 5 6 7 9 10 | 10.2
Dodging        | 2 3 5 6 7 |  7.6
Ice Magic      | 1 |  1.0
Earth Magic    | 1 |  1.1
Unarmed Combat | 1 |  1.8
Summonings     | 2 |  2.3
Axes           | |  0.7
Armour         | |  0.5

Action                     |  1- 3 |  4- 6 |  7- 9 | 10-12 | 13-15 || total
---------------------------+-------+-------+-------+-------+-------++-------
  Melee: Unarmed           |     7 |       |       |       |       ||     7
         Bite              |    10 |    17 |    70 |    84 |    29 ||   210
         Dagger            |    21 |    64 |   199 |   208 |    97 ||   589
         Punch             |       |       |     2 |     1 |       ||     3
  Throw: Stone             |     9 |     3 |    34 |    15 |     8 ||    69
         Dart              |       |       |       |     6 |       ||     6
   Cast: Sting             |    47 |    57 |    92 |    33 |     3 ||   232
         Poisonous Vapours |     1 |     8 |    13 |    19 |    37 ||    78
         Mephitic Cloud    |       |     3 |    20 |    43 |     8 ||    74
         Ignite Poison     |       |       |     8 |    57 |    61 ||   126
         Olgreb's Toxic Ra |       |       |       |    46 |    64 ||   110
         Sticky Flame      |       |       |       |     5 |     8 ||    13
         Passwall          |       |       |       |     3 |     2 ||     5
         Freezing Cloud    |       |       |       |       |    12 ||    12
         Petrify           |       |       |       |       |     1 ||     1
 Invoke: Curse Item        |       |       |     4 |     4 |     3 ||    11
         Shatter the Chain |       |       |       |       |     3 ||     3
Ability: Evoke Invisibilit |       |       |     2 |     2 |     1 ||     5
  Evoke: Wand              |       |       |     1 |     1 |     5 ||     7
    Use: Scroll            |       |     4 |       |     4 |     2 ||    10
         Potion            |       |       |       |     2 |     1 ||     3
   Stab: Sleeping          |       |     2 |     8 |    12 |     2 ||    24
         Distracted        |       |     1 |       |       |     2 ||     3
         Confused          |       |     1 |     6 |     5 |     1 ||    13
         Invisible         |       |       |     2 |       |       ||     2
         Paralysed         |       |       |       |       |     1 ||     1
 Armour: Robe              |    10 |     8 |    22 |    19 |    19 ||    78
  Dodge: Dodged            |    13 |    32 |    93 |    90 |    79 ||   307
  Block: Buckler           |       |       |       |    20 |    43 ||    63

Levels and vault maps discovered:
D:1:      dpeg_arrival_yet_another_circle, layout_basic, serial_curves,
          eino_curves_01, eino_curves_03
D:2:      layout_basic, minmay_liquid_box, uniq_jessica
D:3:      layout_loops_cross, mainiacjoe_overflow_alcove_4, uniq_grinder
D:4:      layout_basic, mainiacjoe_overflow_brackets, skrybe_limestone_x,
          moated_statue, nicolae_eternal_life, uniq_natasha, uniq_sigmund
D:5:      layout_basic, kennysheep_orc_sif_temple,
          chequers_serial_rivers_micro_d, minmay_misc_feat_nine_boxes,
          minmay_strange_pillars
D:6:      cheibrodos_helix_gallery, layout_loops_corners, serial_aquarium,
          aquarium_bridge_long_joined [aquarium_subvault_balcony,
          aquarium_subvault_wall, aquarium_subvault_window,
          aquarium_subvault_wall, aquarium_subvault_balcony,
          aquarium_subvault_bridge], aquarium_window_1, aquarium_window_1,
          aquarium_window_fake, aquarium_view_2d, portal_sewer_entry_f,
          uniq_duvessa
D:7:      layout_loops_cross, hangedman_ru_absence, okawaru_ov_weapons_minmay,
          minmay_temple_entry_junction_2
D:8:      layout_basic, minmay_misc_feat_roman
D:9:      layout_gridville
D:10:     layout_rooms, lair_entry_dummy, hiddenorc1_lemuel
D:11:     layout_loops_cross, portal_ice_cave_entry_imps,
          biasface_ghost_orc_armoury, gauntlet_entry_generic, uniq_gastronok,
          uniq_psyche
D:12:     layout_small_grid, dreamdust_deal_with_the_devil,
          kennysheep_generic_room_4
D:13:     layout_gridville, nicolae_diode_stairs
Temple:   hellmonk_temple_divided_pantheon
Lair:1:   layout_long_grid, chequers_serial_rivers_micro_e, uniq_amaemon
Lair:2:   layout_misc_corridors, hellmonk_ghost_happy_afterlife, minmay_holes,
          grunt_megastairs_3
Lair:3:   regret_index_wax_grids, layout_cave_pods, elwin_shoals_entry_rooms,
          spider_nest_entry_funnel_web, grunt_forest_large_clearing_hut
Lair:4:   layout_regular_city
Lair:5:   grunt_lair_end_beastmaster, layout_cave_pods, dpeg_slime_entry_corner,
          basic_altar, uniq_josephine
Orc:1:    layout_caves, basic_altar, uniq_jorgrun
Orc:2:    pf_orc_diabolical, layout_diamond_mine

Notes
Turn   | Place    | Note
-------+----------+-------------------------------------------
     0 | D:1      | PigKeeper the Vine Stalker Venom Mage began the quest for
                  | the Orb.
     0 | D:1      | Reached XP level 1. HP: 9/9 MP: 4/4
   274 | D:1      | Reached XP level 2. HP: 13/13 MP: 4/6
  1024 | D:2      | Reached skill level 4 in Poison Magic
  1027 | D:2      | Learned a level 2 spell: Poisonous Vapours
  1093 | D:2      | Noticed Jessica
  1100 | D:2      | Reached XP level 3. HP: 16/16 MP: 5/7
  1121 | D:2      | Killed Jessica
  1122 | D:2      | Reached skill level 1 in Air Magic
  1269 | D:2      | Gained mutation: Your natural rate of healing is unusually
                  | fast. [Vine Stalker growth]
  1269 | D:2      | Reached XP level 4. HP: 21/21 MP: 6/8
  1856 | D:3      | Noticed Grinder
  2029 | D:3      | Reached skill level 2 in Air Magic
  2115 | D:3      | Learned a level 3 spell: Mephitic Cloud
  2218 | D:3      | You add the spells Ignite Poison, Sticky Flame and Ignition
                  | to your library.
  2224 | D:3      | You pick up a book of the Dragon and begin reading...
  2224 | D:3      | You add the spells Cause Fear, Dragon Form and Dragon's
                  | Call to your library.
  2334 | D:3      | Found a basalt altar of Yredelemnul.
  2439 | D:3      | Reached XP level 5. HP: 22/24 MP: 3/9
  2515 | D:4      | Noticed an ogre
  2530 | D:4      | Killed an ogre
  2531 | D:4      | Reached skill level 1 in Evocations
  2620 | D:4      | Noticed Sigmund
  2629 | D:4      | Killed Sigmund
  2630 | D:4      | Reached skill level 1 in Short Blades
  2630 | D:4      | Reached skill level 3 in Stealth
  2630 | D:4      | Reached skill level 1 in Conjurations
  2630 | D:4      | Reached skill level 5 in Poison Magic
  2630 | D:4      | Reached XP level 6. HP: 28/28 MP: 10/10
  2793 | D:4      | Found a broken altar of Ashenzari.
  2870 | D:4      | Became a worshipper of Ashenzari the Shackled
  3282 | D:4      | Noticed Natasha
  3292 | D:4      | Killed Natasha
  3293 | D:4      | Reached skill level 3 in Air Magic
  3293 | D:4      | Reached skill level 2 in Evocations
  3293 | D:4      | Reached XP level 7. HP: 32/32 MP: 6/11
  3404 | D:5      | Entered Level 5 of the Dungeon
  3450 | D:5      | Reached skill level 2 in Conjurations
  3499 | D:5      | Reached skill level 2 in Short Blades
  3499 | D:5      | Reached skill level 4 in Stealth
  3820 | D:5      | Gained mutation: You have razor-sharp teeth. [Vine Stalker
                  | growth]
  3820 | D:5      | Reached XP level 8. HP: 37/37 MP: 7/12
  3824 | D:5      | Reached skill level 1 in Fighting
  3844 | D:5      | Learned a level 3 spell: Ignite Poison
  4083 | D:5      | Reached skill level 1 in Shields
  4267 | D:5      | Reached * piety under Ashenzari
  4384 | D:5      | Found a shimmering blue altar of Sif Muna.
  4508 | D:4      | Noticed Natasha
  4512 | D:4      | Killed Natasha
  4699 | D:4      | Noticed Natasha
  4706 | D:4      | Killed Natasha
  4811 | D:3      | Paralysed by Grinder for 4 turns
  4815 | D:3      | Killed Grinder
  4816 | D:3      | Reached skill level 3 in Conjurations
  4816 | D:3      | Reached skill level 1 in Fire Magic
  4816 | D:3      | Reached skill level 3 in Evocations
  5100 | D:6      | Reached skill level 5 in Stealth
  5180 | D:6      | Reached skill level 2 in Transmutations
  5181 | D:6      | Found a glowing drain.
  5199 | Sewer    | Entered a sewer
  5369 | Sewer    | Reached skill level 4 in Air Magic
  5402 | Sewer    | Reached ** piety under Ashenzari
  5505 | Sewer    | Reached skill level 2 in Fighting
  5573 | Sewer    | Found a viscous altar of Jiyva.
  5670 | D:6      | Noticed Duvessa
  5670 | D:6      | Noticed Dowan
  5685 | D:6      | Killed Dowan
  5686 | D:6      | Reached skill level 6 in Poison Magic
  5697 | D:6      | Killed Duvessa
  5698 | D:6      | Reached XP level 9. HP: 36/43 MP: 2/14
  5804 | D:6      | Learned a level 4 spell: Olgreb's Toxic Radiance
  6118 | D:6      | Reached skill level 3 in Transmutations
  6133 | D:6      | Reached skill level 3 in Fighting
  6233 | D:6      | Reached skill level 4 in Evocations
  6983 | D:7      | Reached skill level 3 in Spellcasting
  7159 | D:7      | You pick up a book of Sloth and begin reading...
  7159 | D:7      | You add the spells Petrify, Metabolic Englaciation and
                  | Statue Form to your library.
  7207 | D:7      | Found a staircase to the Ecumenical Temple.
  7336 | Temple   | Entered the Ecumenical Temple
  7336 | Temple   | Found a transporter.
  7336 | Temple   | Found a transporter.
  7338 | Temple   | Found a transporter.
  7338 | Temple   | Found a transporter.
  7419 | D:7      | Reached skill level 4 in Transmutations
  7428 | D:7      | Reached skill level 4 in Fighting
  7428 | D:7      | Reached skill level 7 in Poison Magic
  7435 | D:7      | Reached skill level 4 in Spellcasting
  7436 | D:7      | Reached skill level 5 in Evocations
  7436 | D:7      | Reached XP level 10. HP: 43/53 MP: 10/19
  7649 | D:7      | Found a sacrificial altar of Ru.
  7731 | D:7      | Found an iron altar of Okawaru.
  8007 | D:8      | Learned a level 4 spell: Sticky Flame
  8037 | D:8      | You pick up a book of Spatial Translocations and begin
                  | reading...
  8037 | D:8      | You add the spells Blink, Momentum Strike and Lesser
                  | Beckoning to your library.
  8286 | D:8      | Reached skill level 2 in Fire Magic
  8309 | D:8      | Reached *** piety under Ashenzari
  8330 | D:8      | Reached skill level 5 in Spellcasting
  8864 | D:9      | Reached skill level 5 in Fighting
  8884 | D:9      | Reached skill level 2 in Dodging
  9021 | D:9      | You pick up a book of Callings and begin reading...
  9021 | D:9      | You add the spells Summon Small Mammal, Call Canine
                  | Familiar and Summon Guardian Golem to your library.
  9730 | D:10     | Entered Level 10 of the Dungeon
  9734 | D:10     | Identified a scroll of acquirement
  9746 | D:10     | Acquired 1336 gold pieces
  9784 | D:10     | Reached skill level 3 in Short Blades
  9822 | D:10     | Noticed a two-headed ogre
  9836 | D:10     | Killed a two-headed ogre
  9837 | D:10     | Reached skill level 6 in Stealth
  9837 | D:10     | Reached skill level 3 in Fire Magic
  9837 | D:10     | Reached skill level 8 in Poison Magic
  9881 | D:10     | Reached **** piety under Ashenzari
  9948 | D:10     | Reached skill level 6 in Evocations
  9948 | D:10     | Reached XP level 11. HP: 43/60 MP: 16/24
  9962 | D:10     | Noticed a manticore
  9968 | D:10     | Killed a manticore
 10068 | D:10     | Found a staircase to the Orcish Mines.
 10235 | D:10     | Found a staircase to the Lair.
 10428 | D:11     | Reached skill level 3 in Dodging
 10428 | D:11     | Reached skill level 2 in Shields
 10441 | D:11     | Noticed a boulder beetle
 10466 | D:11     | Found a gate leading to a gauntlet.
 10473 | D:11     | Identified a +1 robe of the Archmagi
 10473 | D:11     | Noticed Psyche
 10476 | D:11     | Killed Psyche
 10516 | Gauntlet | Entered a Gauntlet
 10516 | Gauntlet | Found a transporter.
 10519 | Gauntlet | Found a transporter.
 10521 | Gauntlet | Found a transporter.
 10535 | Gauntlet | Found a transporter.
 10535 | Gauntlet | Noticed an oklob plant
 10537 | Gauntlet | Found a transporter.
 10549 | Gauntlet | Found a transporter.
 10557 | Gauntlet | Identified the ring "Ykaqen" {Fly rElec rCorr}
 10563 | Gauntlet | Identified the +1 pair of gloves "Oteata" {Harm Int+3
                  | Dex+3}
 10564 | Gauntlet | Found a transporter.
 10566 | Gauntlet | Noticed a dire elephant
 10566 | Gauntlet | Identified the staff of earth "Peakeuf" {Will+ rCorr}
 10572 | Gauntlet | Identified the ring of Yfrenit {rElec rF+ Str+3 Int+6
                  | Stlth+}
 10574 | Gauntlet | Found a transporter.
 10574 | Gauntlet | Noticed a reaper
 10575 | Gauntlet | Identified the ring of Starshine {*Corrode rElec rN+++
                  | Will+ Slay-5}
 10582 | Gauntlet | Noticed a death yak
 10582 | Gauntlet | Noticed a death yak
 10583 | Gauntlet | Noticed a necromancer
 10584 | Gauntlet | Found a transporter.
 10584 | Gauntlet | Noticed a death yak
 10601 | Gauntlet | Found a transporter.
 10607 | Gauntlet | Found a transporter.
 10609 | Gauntlet | Found a transporter.
 10661 | Gauntlet | Reached skill level 6 in Spellcasting
 10705 | Gauntlet | Found a transporter.
 10725 | Gauntlet | Reached skill level 4 in Short Blades
 10725 | Gauntlet | Reached skill level 7 in Stealth
 10756 | Gauntlet | Identified the +0 ring mail of Metiti {+Blink rCorr Str+10
                  | Stlth-}
 10756 | Gauntlet | Noticed a minotaur
 10768 | Gauntlet | Killed a minotaur
 10769 | Gauntlet | Reached skill level 6 in Fighting
 10824 | D:11     | Killed a boulder beetle
 10865 | D:11     | Noticed a manticore
 10872 | D:11     | Killed a manticore
 10873 | D:11     | Reached skill level 3 in Shields
 10874 | D:11     | Noticed Gastronok
 10882 | D:11     | Killed Gastronok
 10919 | D:11     | Found a frozen archway.
 11012 | IceCv    | Entered an ice cave
 11029 | IceCv    | Reached XP level 12. HP: 50/66 MP: 14/26
 11630 | D:11     | Found a runed translucent gate.
 11631 | D:11     | Found a runed translucent gate.
 11631 | D:11     | Identified the +3 chain mail of Zin's Inspiration {Will++}
 11631 | D:11     | Noticed Notanamesir's ghost (journeyman AtFi)
 11632 | D:11     | Found a runed translucent gate.
 11635 | D:11     | Identified the +0 chain mail of Indemnity {Fly rF+ Int+2}
 11636 | D:11     | Found the +0 pair of fencer's gloves {Riposte Dex+3}
 11808 | Orc:1    | Entered Level 1 of the Orcish Mines
 11818 | Orc:1    | Reached skill level 4 in Dodging
 11822 | Orc:1    | Noticed Jorgrun
 11891 | Lair:1   | Entered Level 1 of the Lair of Beasts
 11992 | Lair:1   | Reached skill level 9 in Poison Magic
 11992 | Lair:1   | Reached skill level 7 in Evocations
 12011 | Lair:1   | Reached skill level 8 in Stealth
 12148 | Lair:1   | Reached skill level 5 in Short Blades
 12148 | Lair:1   | Reached skill level 7 in Spellcasting
 12246 | Lair:1   | Reached skill level 4 in Shields
 12329 | Lair:1   | You pick up a book of Burglary and begin reading...
 12329 | Lair:1   | You add the spells Passwall, Ensorcelled Hibernation and
                  | Swiftness to your library.
 12333 | Lair:1   | Learned a level 2 spell: Passwall
 12622 | Lair:1   | Noticed Amaemon
 12628 | Lair:1   | Amaemon changed into Amaemon the tarantella
 12628 | Lair:1   | Noticed Amaemon
 12631 | Lair:1   | Killed Amaemon the tarantella
 12824 | Orc:1    | Killed Jorgrun
 12825 | Orc:1    | Reached skill level 7 in Fighting
 12933 | Orc:1    | Noticed a two-headed ogre
 12936 | Orc:1    | Killed a two-headed ogre
 12937 | Orc:1    | Reached skill level 9 in Stealth
 13170 | Orc:2    | Entered Level 2 of the Orcish Mines
 13235 | Orc:2    | Reached skill level 5 in Dodging
 13290 | Orc:2    | Reached ***** piety under Ashenzari
 13475 | Orc:2    | Noticed a soul eater
 13480 | Orc:2    | Noticed a sun demon
 13486 | Orc:2    | Reached XP level 13. HP: 67/72 MP: 8/29
 13750 | Lair:2   | Reached skill level 8 in Spellcasting
 13926 | Lair:2   | Noticed gabibbone's ghost (journeyman TeAE)
 13929 | Lair:2   | Found a runed translucent door.
 14664 | Lair:3   | Found a staircase to the Shoals.
 14721 | Lair:3   | Found a hole to the Spider Nest.
 14725 | Lair:3   | Reached skill level 8 in Fighting
 15150 | Lair:3   | Reached skill level 6 in Dodging
 15343 | Lair:3   | You pick up a book of the Sky and begin reading...
 15343 | Lair:3   | You add the spells Summon Lightning Spire, Storm Form and
                  | Maxwell's Capacitive Coupling to your library.
 15450 | Lair:3   | Reached skill level 8 in Evocations
 15497 | Lair:3   | Learned a level 4 spell: Petrify
 15513 | Lair:3   | Reached skill level 9 in Spellcasting
 15753 | Lair:4   | Acquired a Trismegistus Codex
 15754 | Lair:4   | You add the spells Cigotuvi's Dreadful Rot and Freezing
                  | Cloud to your library.
 15901 | Lair:4   | Learned a level 5 spell: Freezing Cloud
 15921 | Lair:4   | Reached skill level 1 in Ice Magic
 15925 | Lair:4   | Reached skill level 1 in Earth Magic
 16177 | Lair:4   | You pick up a book of Scorching and begin reading...
 16177 | Lair:4   | You add the spells Scorch, Flame Wave and Summon Cactus
                  | Giant to your library.
 16639 | Lair:5   | Entered Level 5 of the Lair of Beasts
 16639 | Lair:5   | Noticed Josephine
 16645 | Lair:5   | Found a viscous altar of Jiyva.
 16646 | Lair:5   | Reached skill level 5 in Transmutations
 16646 | Lair:5   | Reached XP level 14. HP: 67/80 MP: 10/31
 16647 | Lair:5   | Killed Josephine
 16648 | Lair:5   | Reached skill level 9 in Fighting
 16651 | Lair:5   | Reached skill level 7 in Dodging
 16929 | Orc:2    | Found a staircase to the Elven Halls.
 17080 | Orc:2    | Found Uxie's Magic Scroll Emporium.
 17082 | Orc:2    | Found Focuc's General Store.
 17211 | Orc:2    | Bought a scroll of enchant armour for 75 gold pieces
 17266 | Orc:2    | Reached skill level 6 in Transmutations
 17266 | Orc:2    | Reached skill level 9 in Evocations
 17269 | Orc:2    | Reached skill level 10 in Spellcasting
 17355 | Orc:2    | Reached skill level 1 in Unarmed Combat
 17564 | Orc:2    | Found Ykeor's Jewellery Shop.
 17564 | Orc:2    | Found Ciluorix's Antique Weapon Boutique.
 17565 | Orc:2    | Found a one-way gate leading to the halls of Pandemonium.
 18004 | D:12     | Learned a level 4 spell: Summon Lightning Spire
 18008 | D:12     | Learned a level 3 spell: Call Canine Familiar
 18012 | D:12     | Learned a level 3 spell: Summon Guardian Golem
 18080 | D:12     | Reached skill level 1 in Summonings
 18353 | D:12     | Reached skill level 2 in Summonings
 18412 | D:12     | Found the +16 obsidian axe {drain, demonic, Mesm Drain Fly
                  | SInv}
 18590 | D:13     | HP: 18/81 [eight-headed hydra (11)]
 18591 | D:13     | HP: 3/74 [eight-headed hydra (7)]
 18591 | D:13     | Slain by an eight-headed hydra

Vanquished Creatures
  Jorgrun (Orc:1)
  Gastronok (D:11)
  A minotaur (Gauntlet)
  Josephine (Lair:5)
  A hydra (Lair:3)
  A centaur warrior (D:13)
  3 demonspawn (Orc:2)
  A boulder beetle (D:11)
  A catoblepas (Lair:3)
  3 two-headed ogres
  4 orc high priests (Orc:2)
  A sun demon (Orc:2)
  A soul eater (Orc:2)
  A fire crab (Lair:3)
  4 orc knights (Orc:2)
  An ugly thing (IceCv)
  2 manticores
  9 orc sorcerers
  20 elephants
  A black mamba (Lair:2)
  A rust devil (Orc:2)
  6 cane toads
  A torpor snail (Gauntlet)
  Psyche (D:11)
  A kobold demonologist (D:11)
  5 komodo dragons
  An orange demon (Lair:1)
  An unseen horror (D:12)
  A rime drake (Lair:4)
  A merfolk (Lair:3)
  A queen bee (Lair:3)
  3 trolls
  3 hornets (Gauntlet)
  Grinder (D:3)
  A tarantella (Lair:1)
  11 blink frogs
  A jumping spider (Lair:3)
  Sigmund (D:4)
  A culicivora (Lair:3)
  A shadow (D:11)
  7 wraiths
  23 yaks
  A spriggan (Lair:3)
  A dire elephant simulacrum (IceCv)
  10 wyverns
  5 steam dragons
  6 basilisks
  2 wargs (Orc:2)
  3 redbacks (Lair:3)
  3 acid dragons
  Duvessa (D:6)
  6 water moccasins
  A sky beast (D:7)
  25 orc warriors
  A black bear (Lair:1)
  An ice beast (D:6)
  7 ogres
  12 wolves
  A phantom (D:5)
  A centaur (D:8)
  2 kobold brigands
  10 bullfrogs
  A scorpion (D:7)
  A cane toad simulacrum (IceCv)
  Dowan (D:6)
  4 wights (D:7)
  41 killer bees
  An elephant simulacrum (IceCv)
  4 hounds
  20 orc priests
  4 jellies
  A gnoll bouda (D:7)
  2 iguanas (D:6)
  Jessica (D:2)
  Natasha (thrice) (D:4)
  2 sleepcaps
  19 orc wizards
  A polar bear simulacrum (IceCv)
  A wolf simulacrum (IceCv)
  3 gnolls (D:7)
  6 adders
  2 river rats (Sewer)
  A shadow imp (Gauntlet)
  12 white imps (D:11)
  2 worms
  85 orcs
  3 bats
  16 endoplasms
  11 giant cockroaches
  6 goblins
  4 hobgoblins
  5 quokkas
  6 ball pythons
  7 frilled lizards
  10 kobolds
  9 rats
525 creatures vanquished.

Vanquished Creatures (others)
  18 fungi
  25 plants
  2 withered plants (Gauntlet)
45 creatures vanquished.

Grand Total: 570 creatures vanquished

Table legend:
 A = Non-vault XP
 B = Vault XP
 C = Vault XP percentage of total XP
 D = Non-vault monster count
 E = Vault monster count
 F = Vault count percentage of total count
                 A         B        C        D         E       F
            +---------+---------+-------+---------+---------+-------
      Total |   41376 |   37044 |  47.2 |     326 |     199 |  37.9
            +---------+---------+-------+---------+---------+-------
        D:1 |      23 |       0 |   0.0 |      16 |       0 |   0.0
        D:2 |      37 |      37 |  50.0 |      19 |       1 |   5.0
        D:3 |      75 |     272 |  78.4 |      16 |       1 |   5.9
        D:4 |     310 |     267 |  46.3 |      17 |       2 |  10.5
        D:5 |     741 |       3 |   0.4 |      14 |       1 |   6.7
        D:6 |     700 |     457 |  39.5 |      21 |       8 |  27.6
        D:7 |    2472 |       0 |   0.0 |      24 |       0 |   0.0
        D:8 |    1150 |       0 |   0.0 |      27 |       0 |   0.0
        D:9 |     931 |       0 |   0.0 |      16 |       0 |   0.0
       D:10 |    3202 |     246 |   7.1 |      14 |      17 |  54.8
       D:11 |    3146 |    2032 |  39.2 |      16 |      14 |  46.7
       D:12 |    1562 |       0 |   0.0 |       8 |       0 |   0.0
       D:13 |     845 |       0 |   0.0 |       1 |       0 |   0.0
     Lair:1 |    5217 |     635 |  10.9 |      23 |       2 |   8.0
     Lair:2 |     808 |       0 |   0.0 |       3 |       0 |   0.0
     Lair:3 |    3855 |    9041 |  70.1 |      14 |      53 |  79.1
     Lair:4 |    5971 |       0 |   0.0 |      19 |       0 |   0.0
     Lair:5 |    6143 |    1979 |  24.4 |      15 |       6 |  28.6
      Orc:1 |    2446 |    1850 |  43.1 |      23 |       1 |   4.2
      Orc:2 |    1742 |   16338 |  90.4 |      20 |      57 |  74.0
      Sewer |       0 |     191 | 100.0 |       0 |      20 | 100.0
      IceCv |       0 |    1007 | 100.0 |       0 |       6 | 100.0
   Gauntlet |       0 |    2689 | 100.0 |       0 |      10 | 100.0
            +---------+---------+-------+---------+---------+-------

Skill      XL: |  1  2  3  4  5  6  7  8  9 10 11 12 13 14 |
---------------+-------------------------------------------+-----
Poison Magic   | 4 5 6 7 8 9 |  9.8
Air Magic      | 1 2 3 4 |  4.4
Evocations     | 1 2 3 5 6 7 8 9 |  9.3
Short Blades   | 1 2 3 4 5 |  5.2
Stealth        | 3 4 5 6 7 9 |  9.0
Conjurations   | 1 2 3 |  3.0
Fighting       | 2 4 5 6 7 8 9 |  9.6
Shields        | 1 3 4 |  4.0
Fire Magic     | 1 3 |  3.0
Transmutations | 2 4 5 6 |  6.1
Spellcasting   | 4 5 6 7 9 10 | 10.2
Dodging        | 2 3 5 6 7 |  7.6
Ice Magic      | 1 |  1.0
Earth Magic    | 1 |  1.1
Unarmed Combat | 1 |  1.8
Summonings     | 2 |  2.3
Axes           | |  0.7
Armour         | |  0.5

Action                     |  1- 3 |  4- 6 |  7- 9 | 10-12 | 13-15 || total
---------------------------+-------+-------+-------+-------+-------++-------
  Melee: Unarmed           |     7 |       |       |       |       ||     7
         Bite              |    10 |    17 |    70 |    84 |    29 ||   210
         Dagger            |    21 |    64 |   199 |   208 |    97 ||   589
         Punch             |       |       |     2 |     1 |       ||     3
  Throw: Stone             |     9 |     3 |    34 |    15 |     8 ||    69
         Dart              |       |       |       |     6 |       ||     6
   Cast: Sting             |    47 |    57 |    92 |    33 |     3 ||   232
         Poisonous Vapours |     1 |     8 |    13 |    19 |    37 ||    78
         Mephitic Cloud    |       |     3 |    20 |    43 |     8 ||    74
         Ignite Poison     |       |       |     8 |    57 |    61 ||   126
         Olgreb's Toxic Ra |       |       |       |    46 |    64 ||   110
         Sticky Flame      |       |       |       |     5 |     8 ||    13
         Passwall          |       |       |       |     3 |     2 ||     5
         Freezing Cloud    |       |       |       |       |    12 ||    12
         Petrify           |       |       |       |       |     1 ||     1
 Invoke: Curse Item        |       |       |     4 |     4 |     3 ||    11
         Shatter the Chain |       |       |       |       |     3 ||     3
Ability: Evoke Invisibilit |       |       |     2 |     2 |     1 ||     5
  Evoke: Wand              |       |       |     1 |     1 |     5 ||     7
    Use: Scroll            |       |     4 |       |     4 |     2 ||    10
         Potion            |       |       |       |     2 |     1 ||     3
   Stab: Sleeping          |       |     2 |     8 |    12 |     2 ||    24
         Distracted        |       |     1 |       |       |     2 ||     3
         Confused          |       |     1 |     6 |     5 |     1 ||    13
         Invisible         |       |       |     2 |       |       ||     2
         Paralysed         |       |       |       |       |     1 ||     1
 Armour: Robe              |    10 |     8 |    22 |    19 |    19 ||    78
  Dodge: Dodged            |    13 |    32 |    93 |    90 |    79 ||   307
  Block: Buckler           |       |       |       |    20 |    43 ||    63

Illustrated notes

Table legend:
 A = Kills in this place as a percentage of kills in the entire game.
 B = Kills by you in this place as a percentage of kills by you in the entire game.
 C = Kills by friends in this place as a percentage of kills by friends in the entire game.
 D = Other kills in this place as a percentage of other kills in the entire game.
 E = Experience gained in this place as a percentage of experience gained in the entire game.
 F = Experience gained in this place divided by the number of levels of this place that you have seen.
                   A       B       C       D       E      F
               +-------+-------+-------+-------+-------+----------------------
         Total | 100.0 | 100.0 |   N/A | 100.0 | 100.0 | 3267.5
       Dungeon |  48.2 |  47.5 |   N/A |  88.9 |  23.6 | 1423.7
          Lair |  25.7 |  26.2 |   N/A |   0.0 |  42.9 | 6729.8
  Orcish Mines |  19.2 |  19.6 |   N/A |   0.0 |  28.5 | 11188.0
         Sewer |   3.8 |   3.9 |   N/A |   0.0 |   0.2 | 191.0
      Ice Cave |   1.1 |   1.2 |   N/A |   0.0 |   1.3 | 1007.0
      Gauntlet |   1.9 |   1.7 |   N/A |  11.1 |   3.4 | 2689.0
               +-------+-------+-------+-------+-------+----------------------

Table legend: (Time is in decaauts)
 A = Elapsed time spent in this place.
 B = Non-inter-level travel time spent in this place.
 C = Inter-level travel time spent in this place.
 D = Time resting spent in this place.
 E = Time spent auto-exploring this place.
 F = Levels seen in this place.
 G = Mean time per level.
                   A        B        C        D        E       F      G
               +--------+--------+--------+--------+--------+-----+--------+
         Total |  18616 |  17298 |   1318 |    529 |  12605 |  24 |  775.7 |
       Dungeon |  11977 |  11037 |    940 |    386 |   8234 |  13 |  921.3 |
        Temple |     23 |     14 |      9 |      0 |      7 |   1 |   23.0 |
          Lair |   4169 |   3834 |    335 |     38 |   3102 |   5 |  833.8 |
  Orcish Mines |   1553 |   1519 |     34 |     56 |   1039 |   2 |  776.5 |
         Sewer |    447 |    447 |      0 |     17 |    195 |   1 |  447.0 |
      Ice Cave |    158 |    158 |      0 |     21 |     27 |   1 |  158.0 |
      Gauntlet |    286 |    286 |      0 |     11 |      0 |   1 |  286.0 |
               +--------+--------+--------+--------+--------+-----+--------+

Top non-repeatable levels by time:
  Lair:3: 1391 daAuts
     D:6: 1307 daAuts
     D:4: 1219 daAuts
     D:7: 1207 daAuts
   Orc:2: 1125 daAuts
     D:5: 1121 daAuts
     D:8: 1008 daAuts
  Lair:1: 973 daAuts
     D:3: 968 daAuts
  Lair:4: 941 daAuts
    D:10: 938 daAuts
     D:1: 935 daAuts
    D:11: 914 daAuts
     D:2: 831 daAuts
  Lair:2: 782 daAuts
